 Dungeon Crawl Stone Soup version 0.23.0-3-gf3c87f2 (console) character file.

Game seed: 18103892455221526424

52 fly the Firebug (level 3, 0/35 HPs)
             Began as an Ogre Fire Elementalist on Feb 22, 2019.
             Killed by divine providence
             ... invoked by an orc priest
              (14 damage)
             ... on level 3 of the Dungeon.
             The game lasted 00:02:35 (1463 turns).

fly the Firebug (Ogre Fire Elementalist)            Turns: 1463, Time: 00:02:35

Health: 0/35       AC:  3    Str: 12    XL:     3   Next: 85%
Magic:  4/7        EV: 10    Int: 16    God:
Gold:   132        SH:  0    Dex: 10    Spells: 1/8 levels left

rFire    . . .     SeeInvis .   (no weapon)
rCold    . . .     Gourm    .   (no shield)
rNeg     . . .     Faith    .   y - +0 robe
rPois    +         Spirit   .   (helmet restricted)
rElec    .         Reflect  .   (no cloak)
rCorr    .         Harm     .   (gloves unavailable)
MR       .....                  (boots unavailable)
Stlth    ++........             (no amulet)
HPRegen  0.11/turn              e - ring of poison resistance
MPRegen  0.10/turn              (no ring)

@: no status effects
A: large, unfitting armour, tough skin 1
a: no special abilities


You were on level 3 of the Dungeon.
You were very hungry.

You visited 1 branch of the dungeon, and saw 3 of its levels.

You collected 132 gold pieces.

Inventory:

Armour
 y - a +0 robe (worn)
Jewellery
 e - a ring of poison resistance (left hand)
Scrolls
 a - 3 scrolls of amnesia {unknown}
 b - a scroll of magic mapping {unknown}
 d - 3 scrolls of identify {unknown}
 f - a scroll of teleportation {unknown}
 h - a scroll of remove curse {unknown}
Potions
 g - a potion of might {unknown}
 j - a potion of degeneration {unknown}
 k - a potion of lignification {unknown}
Comestibles
 c - 4 rations


   Skills:
 + Level 1.7 Fighting
 + Level 2.2 Dodging
 - Level 1.4 Stealth
 + Level 3.0 Spellcasting
 + Level 1.5 Conjurations
 + Level 3.0 Fire Magic


You had one spell level left.
You knew the following spells:

 Your Spells              Type           Power        Failure   Level  Hunger
c - Conjure Flame         Conj/Fire      #.......     22%         3    ###....
n - Inner Flame           Hex/Fire       #.......     30%         3    ###....
z - Flame Tongue          Conj/Fire      #....        8%          1    #......

Your spell library contained the following spells:

 Spells                   Type           Power        Failure   Level  Hunger
 Throw Flame              Conj/Fire      #.....       11%         2    ##.....
 Sticky Flame             Conj/Fire      #.......     58%         4    #####..
 Cause Fear               Hex            #.........   88%         4    #####..
 Fireball                 Conj/Fire      #.........   90%         5    ######.
 Silence                  Hex/Air        #.........   99%         5    ######.
 Yara's Violent Unravell  Hex/Tmut       #.........   99%         5    ######.
 Deflect Missiles         Chrm/Air       #.........   100%        6    #######
 Discord                  Hex            #.........   100%        8    #######


Dungeon Overview and Level Annotations

Branches:
Dungeon (3/15)

Altars:
Sif Muna


Innate Abilities, Weirdness & Mutations

You are too large for most types of armour.
You have tough skin. (AC +1)


Message History

Press: ? - help, Shift-Dir - straight line, f/p - orc
Aim: an orc, wearing a +0 chain mail (moderately wounded, inner flame)
The flame tongue hits the orc but does no damage.
The orc is moderately wounded.
Casting: Flame Tongue (safe; 8% risk of failure)
Confirm with . or Enter, or press ? or * to list all spells.
You don't have enough magic to cast that spell.
The orc priest invokes the aid of Beogh against you.
Beogh smites you!
You see here 2 tomahawks.
The orc priest looks encouraged for a moment.
The orc priest calls down the wrath of Beogh upon you.
Beogh smites you! The orc closely misses you.
You see here a long sword.
The orc's inner flame fades away.
You are feeling very hungry.
The orc priest mumbles some strange prayers to Beogh against you.
Beogh smites you!
You die...

#.###### #......#
###########.#######
.........@.o...o..#
################.##
#....####.#
#.##......#
####.######..#
#...r)o......#
#.###.######.# #.#
#.# #.# #.# #.# #.#


You could see an orc priest and an orc.

Vanquished Creatures
  A hound zombie (D:3)
  A worm (D:2)
  2 dart slugs (D:1)
  An orc (D:3)
  2 giant cockroaches (D:1)
  3 goblins (D:1)
  4 hobgoblins (D:1)
  A kobold (D:2)
  A quokka (D:2)
  2 ball pythons
  7 bats
  4 frilled lizards
  3 rats
32 creatures vanquished.

Notes
Turn   | Place    | Note
-------+----------+-------------------------------------------
     0 | D:1      | fly the Ogre Fire Elementalist began the quest for the Orb.
     0 | D:1      | Reached XP level 1. HP: 16/16 MP: 3/3
    68 | D:1      | Reached skill level 1 in Conjurations
   209 | D:1      | Reached XP level 2. HP: 18/26 MP: 2/5
   509 | D:1      | Reached skill level 1 in Fighting
   752 | D:1      | Reached XP level 3. HP: 33/33 MP: 5/7
  1192 | D:2      | Found a deep blue altar of Sif Muna.
  1354 | D:3      | Learned a level 3 spell: Conjure Flame
  1358 | D:3      | Learned a level 3 spell: Inner Flame
  1463 | D:3      | Killed from afar by an orc priest

Skill      XL: |  1  2  3 |
---------------+----------+-----
Conjurations   | 1 |  1.5
Dodging        | 2 |  2.2
Fighting       | 1 |  1.7
Fire Magic     | 3 |  3.0
Spellcasting   | 3 |  3.0
Stealth        | |  1.4

Action                   || total
-------------------------++-------
Melee: Unarmed           ||    16
 Cast: Flame Tongue      ||    57
       Inner Flame       ||     1
  Eat: Chunk             ||     1
Armor: Robe              ||    22
Dodge: Dodged            ||    33
